 Dungeon Crawl Stone Soup version 0.18.1-51-gd549091e01 (webtiles) character file.

627 magog001 the Shield-Bearer (level 7, -9/82 HPs)
             Began as a Human Fighter on Apr 8, 2020.
             Engulfed by a revenant's spectral mist (12 damage)
             ... on level 1 of the Abyss.
             The game lasted 00:21:35 (5255 turns).

magog001 the Shield-Bearer (Human Fighter)          Turns: 5255, Time: 00:21:35

Health: -9/82      AC: 23    Str: 18    XL:     7   Next: 77%
Magic:  7/7        EV:  2    Int:  8    God:
Gold:   188        SH: 11    Dex: 13    Spells: 0 memorised, 6 levels left

rFire  . . .     SeeInvis .     a - +0 war axe
rCold  . . .     Gourm    .     (armour currently unavailable)
rNeg   + + +     Faith    .     s - +2 shield
rPois  +         Spirit   .     (helmet currently unavailable)
rElec  .         Dismiss  .     (cloak currently unavailable)
rCorr  .         Reflect  .     (gloves currently unavailable)
SustAt .         Harm     .     (boots currently unavailable)
MR     +....     NoTele   +     (no amulet)
Stlth  ++++......               c - ring of protection from magic
                                o - ring of stealth

@: lethally poisoned (-9 -> -10), tree-form (expiring), somewhat resistant to
hostile enchantments, stealthy
A: (molten scales 0), (camouflage 0), (fire resistance 0)
a: no special abilities


You were on level 1 of the Abyss.
You were hungry.
You were a tree.
You visited 1 branch of the dungeon, and saw 5 of its levels.
You visited the Abyss 1 time.

You collected 188 gold pieces.

Inventory:

Hand Weapons
 a - a +0 war axe (weapon)
Missiles
 g - 103 sling bullets
Armour
 b - a +0 scale mail (melded)
 j - a +0 pair of gloves (melded)
 s - a +2 shield (worn)
Jewellery
 c - a ring of protection from magic (right branch)
 o - a ring of stealth (left branch)
Wands
 d - a wand of iceblast (3/15)
Scrolls
 e - 4 scrolls of identify
 i - 2 scrolls of remove curse
 k - a scroll of amnesia
 l - a scroll of recharging {unknown}
 m - a scroll of enchant weapon {unknown}
 n - a scroll of teleportation
 r - a scroll of fog {unknown}
 t - a scroll of blinking
Comestibles
 f - 3 bread rations


   Skills:
 * Level 4.7 Fighting
 + Level 4.0 Axes
 + Level 4.7 Armour
 - Level 0.2 Dodging
 * Level 2.7 Stealth
 + Level 4.7 Shields


You had 6 spell levels left.
You didn't know any spells.

Dungeon Overview and Level Annotations

Branches:
Dungeon (5/15)
 Temple: D:4-7

Altars:
Gozag
Ru


Innate Abilities, Weirdness & Mutations

((You are partially covered in molten scales (AC +1).))
((Your skin changes colour to match your surroundings (Stealth).))
((Your flesh is heat resistant.))


Message History

The revenant is lightly damaged.
This wand has 3 charges left.
You feel sick.
You slash the revenant!
The revenant is moderately damaged.
You feel sick.
The revenant hits you but does no damage.
You closely miss the revenant.
The revenant is moderately damaged.
The revenant conjures spectral mists around you.
The spectral mist engulfs you! You block the revenant's attack.
You hit the revenant.
The revenant is moderately damaged.
You barely miss the spectral anaconda.
You are engulfed in spectral mist.
* * * LOW HITPOINT WARNING * * *
You feel sick. You block the revenant's attack.
Unknown command.
You slash the revenant!
The revenant is heavily damaged.
You closely miss the spectral anaconda.
You are engulfed in spectral mist.
You die...

...∩.. .. .>...
... .... ....
... #.. .. ...
## #.##.#
.#...#§§..##...
......Z♣L......
#.....§§§......
.#...#####.....
#.. .#.# ## # .


You could see a revenant and a spectral anaconda.

Vanquished Creatures
  2 ogres
  A centaur (D:5)
  Blork the orc (D:3)
  3 orc wizards
  Natasha (D:2)
  4 worker ants (D:4)
  A hound skeleton (D:4)
  A hound zombie (D:5)
  3 adders
  An ooze (D:2)
  An adder skeleton (D:4)
  An adder zombie (D:5)
  A dart slug (D:2)
  A giant gecko (D:1)
  4 orcs (D:4)
  3 giant cockroaches
  2 goblins
  7 hobgoblins
  4 jackals (D:4)
  5 kobolds
  6 bats
  8 giant newts
  A quokka skeleton (D:4)
  5 rats
67 creatures vanquished.

Notes
Turn   | Place    | Note
--------------------------------------------------------------
     0 | D:1      | magog001 the Human Fighter began the quest for the Orb.
     0 | D:1      | Reached XP level 1. HP: 18/18 MP: 1/1
   185 | D:1      | Reached XP level 2. HP: 19/24 MP: 2/2
  1203 | D:2      | Reached XP level 3. HP: 27/29 MP: 3/3
  1225 | D:2      | Noticed Natasha
  1233 | D:2      | Killed Natasha
  1433 | D:2      | Reached XP level 4. HP: 35/35 MP: 4/4
  1616 | D:2      | Found an opulent altar of Gozag.
  1881 | D:3      | Noticed an ogre
  1909 | D:3      | Killed an ogre
  1909 | D:3      | Reached XP level 5. HP: 12/42 MP: 5/5
  2181 | D:3      | Gained mutation: Your skin changes colour to match your surroundings (Stealth). [potion of mutation]
  2181 | D:3      | Gained mutation: Your flesh is heat resistant. [potion of mutation]
  2181 | D:3      | Gained mutation: You are partially covered in molten scales (AC +1). [potion of mutation]
  2598 | D:3      | Found a sacrificial altar of Ru.
  2920 | D:4      | Noticed Blork the orc
  2932 | D:3      | Killed Blork the orc
  2932 | D:3      | Reached skill level 1 in Stealth
  2932 | D:3      | Reached XP level 6. HP: 6/48 MP: 6/6
  3297 | D:4      | Noticed an ogre
  3308 | D:4      | Killed an ogre
  3513 | D:4      | Reached XP level 7. HP: 50/54 MP: 7/7
  4572 | D:5      | Entered Level 5 of the Dungeon
  5237 | D:4      | Cast into level 1 of the Abyss (orc wizard)
  5248 | Abyss:1  | Noticed a revenant
  5254 | Abyss:1  | Noticed a spectral anaconda
  5254 | Abyss:1  | HP: 4/82 [revenant] (7)]
  5255 | Abyss:1  | Engulfed by a revenant's spectral mist

Skill      XL: |  1  2  3  4  5  6  7 |
---------------+----------------------+-----
Axes           | 3 4 |  4.0
Fighting       | 4 |  4.7
Shields        | 4 |  4.7
Armour         | 4 |  4.7
Stealth        | 1 2 |  2.7
Dodging        | |  0.2

Action                   |  1- 3 |  4- 6 |  7- 9 || total
-------------------------+-------+-------+-------++-------
Melee: War axe           |   100 |    76 |    92 ||   268
Evoke: Wand              |       |       |     2 ||     2
  Use: Potion            |       |     5 |     3 ||     8
       Scroll            |       |     5 |     4 ||     9
 Stab: Sleeping          |       |     2 |     4 ||     6
  Eat: Chunk             |     2 |     1 |     1 ||     4
       Meat ration       |       |     1 |       ||     1
       Bread ration      |       |       |     1 ||     1
Armor: Scale mail        |    32 |    50 |    47 ||   129
       Skin              |       |       |     7 ||     7
Dodge: Dodged            |    29 |    17 |    22 ||    68
Block: Shield            |    43 |    51 |    70 ||   164
